 Dungeon Crawl Stone Soup version 0.31-a0-868-g674d60d6f7 (webtiles) character file.

Game seed: 7619145263979641524

1 avis the Charlatan (level 1, 9/9 HPs)
             Began as a Felid Artificer on Oct 11, 2023.
             Got out of the dungeon alive.
             The game lasted 00:00:51 (174 turns).

avis the Charlatan (Felid Artificer)                 Turns: 174, Time: 00:00:51

Health: 9/9        AC:  1    Str:  8    XL:     1   Next: 16%
Magic:  2/2        EV: 18    Int: 12    God:
Gold:   0          SH:  0    Dex: 16    Spells: 0/0 levels left
                                        Lives:  0   Deaths: 1

rFire   . . .        (weapon unavailable)
rCold   . . .        (shield unavailable)
rNeg    . . .        (body armour unavailable)
rPois   .            (helmet unavailable)
rElec   .            (cloak unavailable)
rCorr   .            (gloves unavailable)
SInv    +            (boots unavailable)
Will    .....        (no amulet)
Stlth   ++           (no ring)
HPRegen 0.21/turn    (no ring)
MPRegen 0.08/turn

%: no passive effects
@: quick
A: very small, claws 1, fangs 3, see invisible, speed 1, shaggy fur 1, stealthy
paws, no weapons or thrown items, no armour, multi-lived
a: no special abilities


You escaped.
You visited 1 branch of the dungeon, and saw 1 of its levels.

Inventory:

Jewellery
 d - a +4 ring of protection
Wands
 a - a wand of flame (15) (quivered)
 b - a wand of charming (15)
 c - a wand of iceblast (5)


   Skills:
 * Level 1.2 Fighting
 - Level 3.2 Dodging
 - Level 1.3 Stealth
 - Level 3.2 Evocations


You couldn't memorise any spells.
You didn't know any spells.
Your spell library was empty.

Dungeon Overview and Level Annotations

Branches:
Dungeon (1/15)

Altars:


Innate Abilities, Weirdness & Mutations

You have sharp claws.
You have razor-sharp teeth.
You have supernaturally acute eyesight. (SInv)
You cover ground quickly. (Speed+)
You are covered in fur. (AC +1)
Your paws help you pounce on unaware monsters.
You are incapable of wielding weapons or throwing items.
You cannot wear armour.
You gain extra lives every three experience levels.


Message History

Ran out of altars for temple! x3
Welcome, avis the Felid Artificer.
They say the Orb of Zot lies within this dungeon, but they say a lot of things.
Press ? for a list of commands and other information.
Found a staircase leading out of the dungeon.
A kobold comes into view. It is wielding a +0 dagger.
The kobold shouts!
A hobgoblin comes into view.
You scratch the kobold but do no damage.
Your bite misses the kobold. The kobold hits you with a +0 dagger.
You closely miss the kobold. The kobold hits you with a +0 dagger.
You scratch the kobold.
The kobold is heavily wounded.
The kobold hits you with a +0 dagger.
You scratch the kobold.
The kobold is severely wounded.
The kobold misses you.
You barely miss the kobold.
The kobold is severely wounded.
The kobold hits you with a +0 dagger.
You die...
You rejoin the land of the living...
Found an emerald ring, 4 boomerangs and a mace.
Unknown command.
d - a +4 ring of protection A dart slug and a hobgoblin come into view.
Found a short sword.
You closely miss the hobgoblin. You bite the hobgoblin.
The hobgoblin is severely wounded.
The hobgoblin closely misses you.
You scratch the hobgoblin.
You kill the hobgoblin!
You see here a hobgoblin corpse.
There is a staircase leading out of the dungeon here.
You have escaped!

#.# #.# #.#
#.##############.###
...................#
#######.#.#.######..
#.......#.#.#....#.#
#.#####.#.#.#.##.#.#
#.#@..#.#.#.#..#.#.#
#.###.#.#.#.####.#.#
#.....#.#.#......#.#
#########.########.#
#.# ...


There were no monsters in sight!

Vanquished Creatures
  A hobgoblin (D:1)
1 creature vanquished.

Notes
Turn   | Place    | Note
-------+----------+-------------------------------------------
     0 | D:1      | avis the Felid Artificer began the quest for the Orb.
     0 | D:1      | Reached XP level 1. HP: 9/9 MP: 2/2
   111 | D:1      | Slain by a kobold
   174 | D:$      | Got out of the dungeon alive.

Illustrated notes

Levels and vault maps discovered:
D:1:      matt_arrival_spirals, layout_loops_ring,
          hellmonk_ecumenical_altar_inner_sanctum

Action                     || total
---------------------------++-------
  Melee: Unarmed           ||     7
         Bite              ||     1
 Armour: Skin              ||     4
  Dodge: Dodged            ||     2

Table legend: (Time is in decaauts)
 A = Elapsed time spent in this place.
 B = Non-inter-level travel time spent in this place.
 C = Inter-level travel time spent in this place.
 D = Time resting spent in this place.
 E = Time spent auto-exploring this place.
 F = Levels seen in this place.
 G = Mean time per level.
                   A        B        C        D        E       F      G
               +--------+--------+--------+--------+--------+-----+--------+
         Total |    141 |    108 |     33 |      0 |     80 |   1 |  141.0 |
       Dungeon |    141 |    108 |     33 |      0 |     80 |   1 |  141.0 |
               +--------+--------+--------+--------+--------+-----+--------+

Top non-repeatable levels by time:
     D:1: 141 daAuts
